Map: Kairos Junction LE

Players

Rex

  • Race: Zerg Zerg
  • Spawn Location: 11:00

HellraiseR - Winner!

  • Race: Protoss Protoss
  • Spawn Location: 5:00

Event: 2019 WCS Spring

VOD

Have the link to the VOD?

Description

Time

  • Played on: May 17, 2019, 3:23 p.m.
  • Length: 9:38

All games in this series

Show
View Real Time Build Order
Export as new Build Order

Rex Zerg 

Build Orders: Hatch First 

Get SALT Encoding   

  12  0:01  Drone  
  13  0:12  Overlord  
  13  0:17  Drone  
  14  0:31  Drone x2  
  16  0:50  Hatchery  
  16  0:52  Drone  
  16  0:57  Drone  
  17  1:00  Drone  
  18  1:11  Extractor  
  17  1:18  Spawning Pool  
  16  1:20  Drone  
  16  1:24  Drone  
  18  1:29  Drone  
  19  1:43  Drone  
  20  2:00  Overlord  
  20  2:04  Queen  
  20  2:05  Queen, Zergling x2  
  20  2:07  Zergling x2  
  26  2:14  Metabolic Boost  
  26  2:20  Drone  
  26  2:21  Drone  
  28  2:24  Drone  
  28  2:27  Drone  
  30  2:45  Hatchery  
  30  2:48  Zergling x2  
  30  2:49  Zergling x2  
  31  2:53  Zergling x4  
  31  2:58  Overlord  
  33  3:05  Queen  
  35  3:19  Drone  
  37  3:20  Drone x5  
  37  3:23  Drone  
  37  3:26  Overlord  
  42  3:33  Overlord  
  42  3:38  Drone  
  43  3:42  Drone  
  44  3:50  Queen  
  44  3:54  Drone  
  44  3:55  Drone x3  
  50  3:56  Spore Crawler  
  50  3:59  Overlord  
  50  4:00  Drone  
  50  4:04  Drone  
  50  4:05  Drone  
  52  4:12  Roach Warren, Drone x2  
  52  4:15  Spore Crawler  
  52  4:20  Spore Crawler, Queen  
  54  4:26  Spore Crawler, Overlord  
  54  4:28  Drone x2  
  55  4:32  Spore Crawler  
  55  4:33  Drone x3  
  55  4:37  Drone  
  55  4:38  Drone x3  
  62  4:42  Drone  
  63  4:48  Lair  
  63  4:49  Extractor  
  63  4:50  Extractor  
  59  4:57  Zergling x2  
  59  4:58  Zergling x12  
  59  4:59  Zergling x2  
  66  5:05  Overlord  
  66  5:09  Overlord  
  66  5:16  Overlord  
  66  5:25  Overlord  
  66  5:26  Queen x2  
  70  5:32  Drone x3  
  70  5:38  Drone x4  
  70  5:42  Roach x2  
  80  5:43  Roach  
  80  5:47  Roach x2  
  83  5:51  Roach  
  83  5:52  Roach  
  83  5:56  Roach  
  88  5:58  Roach  
  88  5:59  Roach  
  88  6:01  Roach  
  94  6:11  Roach x3  
  98  6:17  Roach x2  
  104  6:19  Roach  
  104  6:22  Glial Reconstitution  
  100  6:28  Roach x2  
  100  6:29  Roach  
  98  6:35  Roach  
  98  6:36  Roach  
  98  6:38  Roach x2  
  99  6:47  Roach x2  
  99  6:49  Roach  
  99  6:52  Roach  
  99  6:53  Roach, Zergling x4  
  105  7:01  Roach, Zergling x2  
  105  7:19  Zergling x2  
  105  7:20  Zergling x2  
  105  7:22  Overlord, Zergling x2  
  105  7:23  Overlord  
  105  7:30  Overlord  
  105  7:33  Overlord  
  105  7:40  Overlord  
  105  7:41  Zergling x2  
  105  7:42  Ravager x6, Zergling x2  
  113  7:44  Zergling x2  
  113  7:45  Zergling x10  
  113  7:48  Zergling x2  
  113  7:50  Zergling x2  
  121  7:53  Zergling x2  
  93  8:09  Zergling x2  
  70  8:20  Zergling x6  
  70  8:21  Zergling x2  
  72  8:29  Zergling x4  
  72  8:32  Zergling x2  
  75  8:34  Ravager  
  75  8:35  Zergling x4  
  75  8:39  Zergling x4  
  77  8:42  Zergling x2  
  77  8:44  Zergling x2  
  73  8:48  Zergling x2  
  73  8:53  Zergling x4  
  73  8:58  Zergling x2  
  72  9:03  Zergling x2  
  72  9:05  Zergling x2  
  70  9:10  Zergling x2  
  70  9:11  Ravager x2  
  70  9:14  Zergling x2  
  70  9:15  Zergling x2  
  74  9:19  Zergling x2  
Show
View Real Time Build Order
Export as new Build Order

HellraiseR Protoss - Winner!

Build Orders: 1 Gate Expand, Oracle Opening, Phoenix Opening 

Get SALT Encoding   

  12  0:00  Probe  
  13  0:12  Probe  
  14  0:19  Pylon  
  14  0:24  Probe  
  15  0:33  Probe  
  15  0:38  Gateway  
  15  0:41  Probe  
  16  0:48  Assimilator  
  17  0:52  Probe  
  18  1:04  Probe  
  19  1:21  Nexus  
  19  1:23  Probe  
  20  1:34  Cybernetics Core  
  20  1:36  Probe  
  21  1:41  Assimilator  
  21  1:48  Probe  
  21  1:51  Pylon  
  22  2:00  Probe, Adept  
  23  2:12  Probe  
  26  2:20  Stargate, Adept  
  26  2:24  Probe  
  26  2:29  Probe  
  27  2:34  Warp Gate  
  27  2:36  Probe  
  31  2:37  Probe  
  32  2:47  Probe  
  32  2:48  Probe  
  32  2:50  Adept  
  36  2:58  Phoenix  
  36  2:59  Probe  
  36  3:01  Probe  
  40  3:11  Probe  
  41  3:13  Probe  
  41  3:17  Oracle, Gateway  
  42  3:23  Pylon  
  42  3:25  Probe  
  46  3:36  Shield Battery  
  46  3:41  Probe x2  
  46  3:48  Oracle, Assimilator  
  48  3:50  Pylon  
  48  3:53  Probe x2  
  53  4:00  Assimilator  
  53  4:05  Probe  
  53  4:08  Probe  
  55  4:11  Pylon, Gateway  
  55  4:12  Twilight Council  
  55  4:17  Gateway  
  55  4:19  Probe  
  55  4:23  Probe  
  57  4:27  Resonating Glaives  
  57  4:28  Oracle  
  57  4:31  Probe  
  57  4:35  Probe  
  62  4:39  Adept x2  
  62  4:43  Probe  
  67  4:47  Probe  
  68  4:53  Pylon  
  68  4:57  Nexus  
  68  5:01  Pylon  
  68  5:10  Adept  
  68  5:11  Adept x2  
  68  5:13  Adept  
  76  5:15  Probe  
  76  5:16  Probe  
  78  5:24  Robotics Facility  
  78  5:27  Probe  
  78  5:28  Probe  
  80  5:34  Adept x3  
  86  5:40  Pylon  
  86  5:52  Nexus  
  86  5:54  Pylon  
  86  5:56  Shield Battery  
  86  5:58  Probe  
  86  6:00  Adept x3  
  86  6:01  Probe  
  94  6:12  Probe  
  94  6:13  Probe  
  94  6:15  Immortal  
  94  6:16  Zealot  
  99  6:24  Probe  
  99  6:25  Probe  
  99  6:28  Sentry  
  99  6:31  Pylon  
  101  6:33  Blink  
  101  6:36  Probe  
  101  6:37  Probe  
  99  6:46  Gateway x2  
  97  6:47  Immortal  
  97  6:49  Probe x2  
  93  7:01  Probe x2  
  98  7:04  Gateway  
  98  7:05  Gateway  
  99  7:10  Sentry x3  
  99  7:11  Sentry  
  99  7:13  Probe  
  108  7:16  Immortal  
  104  7:26  Forge  
  108  7:32  Pylon  
  108  7:41  Sentry  
  108  7:42  Stalker x4, Sentry  
  120  7:45  Pylon  
  120  7:49  Probe  
  120  7:51  Assimilator  
  121  7:54  Assimilator  
  121  7:56  Pylon  
  107  8:07  Stalker x6  
  114  8:18  Stalker x2  
  116  8:26  Immortal  
  111  8:32  Adept  
  111  8:33  Adept x3  
  101  8:41  Pylon  
  101  8:46  Stalker x2  
  99  8:58  Stalker  
  99  8:59  Stalker x2, Zealot  
  104  9:10  Probe x2, Pylon x2  
  105  9:17  Zealot x2  
  105  9:22  Zealot x2, Probe x2  
  105  9:23  Cybernetics Core  
  119  9:28  Zealot x2  
Tags
 
Add a new tag
Caveats
  • Supply blocks, unpowered buildings, or Contaminate may cause inaccurate times.
  • Supply counts are checked every 10 seconds.